 Dungeon Crawl Stone Soup version 0.15.0-29-ga8e3430 (webtiles) character file.

130 RobertPalmer the Chiller (level 4, -1/27 HPs)
             Began as a High Elf Ice Elementalist on Sept 12, 2014.
             Slain by Grinder (9 damage)
             ... on Level 3 of the Dungeon.
             The game lasted 00:09:06 (3336 turns).

RobertPalmer the Chiller (HEIE)                     Turns: 3336, Time: 00:09:06

HP  -1/27        AC  4     Str  7      XL: 4   Next: 89%
MP  10/11        EV 13     Int 25      God:
Gold 106         SH  0     Dex 16      Spells:  2 memorised,  3 levels left

rFire  . . .     SeeInvis .     (no weapon)
rCold  . . .     Clarity  .     a - +0 robe
rNeg   . . .     rCorr    .     (no shield)
rPois  .         rRot     .     (no helmet)
rElec  .         Spirit   .     (no cloak)
SustAb .         Warding  .     (no gloves)
rMut   .         Stasis   .     g - +1 pair of boots
Gourm  .                        (no amulet)
MR     .....                    (no ring)
                                p - +6 ring of intelligence

@: confused, not resistant to hostile enchantments, very unstealthy
A: no striking features
a: no special abilities


You were on level 3 of the Dungeon.
You were hungry.

You visited 1 branch of the dungeon, and saw 3 of its levels.

You collected 106 gold pieces.


   Skills:
 - Level 2.1 Dodging
 - Level 2.1 Stealth
 - Level 2.4 Spellcasting
   Level 1.1 Conjurations
 + Level 5.6 Ice Magic


You had 3 spell levels left.
You knew the following spells:

 Your Spells              Type           Power        Failure   Level  Hunger
a - Ozocubu's Armour      Chrm/Ice       ###.....     12%         3    ###....
z - Freeze                Ice            ####         1%          1    None

Inventory:

Missiles
 i - 5 needles of confusion
 m - 9 poisoned needles
Armour
 a - a +0 robe (worn)
 g - a +1 pair of boots (worn)
Comestibles
 c - 6 bread rations
 f - 2 meat rations
 k - a beef jerky
 w - a rotting chunk of quokka flesh {@*1}
 x - a chunk of hobgoblin flesh {@*1}
 z - a chunk of goblin flesh {@*1}
 A - a chunk of adder flesh {@*1}
Scrolls
 d - 3 scrolls of immolation {!r}
 e - a scroll of random uselessness {unknown}
 h - 4 scrolls of remove curse
 j - 2 scrolls of recharging {unknown}
 n - a scroll of enchant weapon {unknown}
 q - a scroll of amnesia {unknown}
 r - 2 scrolls of identify
 u - a scroll of fog {unknown}
Jewellery
 p - a +6 ring of intelligence (left hand)
 s - an uncursed amulet of stasis
Potions
 l - a potion of heal wounds {unknown}
 o - a potion of beneficial mutation {unknown}
 t - a potion of confusion {unknown}
 v - a potion of restore abilities {unknown}
Books
 b - a book of Frost
 y - a book of the Sky

Dungeon Overview and Level Annotations

Branches:
Dungeon (3/15)

Altars:
Cheibriados

Annotations:
D:3 Grinder

# .# ##..............#..# #.# #
.# #..........# #.#..# #.# # .#
#.######..## #.#..###5# ## (# #.#
#..# .##.#...##.# .#####.# #.##
#..##...........# .......# #..#
#.............###
.###..####...####.o#####.........
.# ##..........##s......[........
.# #..###'###..@5g......#..#.###
.# ##%# #.# #..##.#######..#w# .#
#.###.###.## .# ###..#[# ##
#.'.._..'.# .# #....#.#
#.#######.# .# #.#<.#)# ######.#
### #... ..####.#..#.# ....##.#
### #.........#.#..#.# ###.##..
... .......##.#.#..#.# #.#### ###
..###............#


You could see Grinder, a giant mite, an orc and a hobgoblin.


Message History

You see here a quokka corpse.
Grinder gestures at you.
You suddenly lose the ability to move!
The giant mite bites you but does no damage.
Grinder zaps a wand.
You are confused.
The giant mite bites you but does no damage.
Grinder zaps a wand.
You are more confused.
The giant mite bites you but does no damage.
Grinder gestures at you. You resist with significant effort.
The giant mite bites you but does no damage.
You are feeling hungry.
The giant mite bites you but does no damage.
The orc hits you but does no damage.
Grinder zaps a wand.
You are more confused.
The giant mite bites you. The orc hits you but does no damage.
Grinder hits you.
You writhe in agony.
* * * LOW HITPOINT WARNING * * *
You can move again.
Unknown command.
Unknown command.
Unknown command.
Unknown command.
Unknown command.
Ouch! The giant mite bites you.
* * * LOW HITPOINT WARNING * * *
The orc misses you. Grinder hits you!
You die...

Action                   |  1- 3 |  4- 6 || total
-------------------------+-------+-------++-------
Melee: Unarmed           |     4 |     3 ||     7
 Cast: Freeze            |    78 |    44 ||   122
  Use: Scroll            |     3 |       ||     3
  Eat: Chunk             |     4 |     3 ||     7

Vault maps used:
D:1:      dpeg_arrival_rooms_b
D:2:      kennysheep_cluttered_room, serial_bayou_ford_a, minmay_unequal
D:3:      lemuel_doored_altar, first_bread, uniq_grinder

Notes
Turn   | Place    | Note
--------------------------------------------------------------
     0 | D:1      | RobertPalmer, the High Elf Ice Elementalist, began the quest for the Orb.
     0 | D:1      | Reached XP level 1. HP: 11/11 MP: 4/4
   735 | D:1      | Reached XP level 2. HP: 17/17 MP: 4/6
  1048 | D:1      | Reached skill level 4 in Ice Magic
  1582 | D:1      | Reached XP level 3. HP: 18/21 MP: 4/8
  2347 | D:2      | Reached XP level 4. HP: 14/27 MP: 8/11
  2506 | D:2      | Reached skill level 5 in Ice Magic
  2536 | D:2      | Learned a level 3 spell: Ozocubu's Armour
  3023 | D:3      | Noticed Grinder
  3298 | D:3      | Found a snail-covered altar of Cheibriados.
  3329 | D:3      | Paralysed by Grinder for 7 turns
  3336 | D:3      | Slain by Grinder

Vanquished Creatures
  5 adders
  3 worms
  An ooze (D:1)
  3 giant geckos
  3 orcs (D:3)
  5 giant cockroaches
  6 hobgoblins
  2 quokkas (D:3)
  5 bats
  6 giant newts
  8 goblins
  4 jackals (D:2)
  5 kobolds
  8 rats
64 creatures vanquished.
